 Dungeon Crawl Stone Soup version 0.30.1-11-g7821555f0a (webtiles) character file.

Game seed: 18136138205654830285

93 safid the Grasshopper (level 4, 0/38 HPs)
             Began as an Armataur Warper on Jan 12, 2024.
             Killed by divine providence
             ... invoked by an orc priest
              (15 damage)
             ... on level 3 of the Dungeon.
             The game lasted 00:03:23 (1884 turns).

safid the Grasshopper (Armataur Warper)             Turns: 1884, Time: 00:03:24

Health: 0/38       AC:  5    Str: 19    XL:     4   Next: 37%
Magic:  7/7        EV:  9    Int: 13    God:
Gold:   123        SH:  3    Dex:  9    Spells: 5/7 levels left

rFire   . . .        h - +2 scimitar (drain)
rCold   . . .        n - +0 buckler
rNeg    + . .        b - +0 leather armour
rPois   .            (no helmet)
rElec   .            (no cloak)
rCorr   .            t - +0 pair of gloves
SInv    .            (no barding)
Will    .....        (no amulet)
Stlth   +            o - ring of positive energy
HPRegen 0.26/turn    (no ring)
MPRegen 0.10/turn

%: roll
@: no status effects
A: large, rugged brown scales 3, deformed body, armoured tail, roll, long
tongue, awkward tongue
a: no special abilities


You were on level 3 of the Dungeon.
You visited 1 branch of the dungeon, and saw 3 of its levels.

You collected 123 gold pieces.

Inventory:

Hand Weapons
 h - a +2 scimitar of draining (weapon)
Missiles
 d - 7 boomerangs of dispersal (quivered)
 f - 6 poisoned darts
 s - 6 javelins
Armour
 b - a +0 leather armour (worn)
 n - a +0 buckler (worn)
 t - a +0 pair of gloves (worn)
Jewellery
 o - a ring of positive energy (left hand)
Scrolls
 c - 2 scrolls of blinking
 e - a scroll of poison {unknown}
 g - a scroll of enchant armour {unknown}
 l - 2 scrolls of teleportation {unknown}
 m - 2 scrolls of identify {unknown}
 p - a scroll of immolation {unknown}
 q - a scroll of amnesia {unknown}
 r - a scroll of vulnerability {unknown}
Potions
 a - a potion of cancellation {unknown}
 i - a potion of heal wounds {unknown}
 j - a potion of curing {unknown}
 k - a potion of invisibility {unknown}


   Skills:
 + Level 2.2 Fighting
 + Level 2.3 Long Blades
 + Level 1.5 Throwing
 - Level 2.0 Armour
 + Level 1.7 Dodging
 + Level 1.1 Shields
 + Level 2.2 Spellcasting
 + Level 3.2 Translocations


You had 5 spell levels left.
You knew the following spells:

 Your Spells              Type           Power      Damage    Failure   Level
a - Blink                 Tloc           20%        N/A       14%         2

Your spell library contained the following spells:

 Spells                   Type           Power      Damage    Failure   Level
 Lesser Beckoning         Tloc           20%        N/A       14%         2
 Teleport Other           Tloc           10%        N/A       28%         3
 Slow                     Hex            4%         N/A       36%         1
 Vhi's Electric Charge    Tloc/Air       10%        N/A       50%         3
 Manifold Assault         Tloc           10%        N/A       67%         4
 Confusing Touch          Hex            1%         N/A       75%         3
 Dazzling Flash           Conj/Hex       2%         N/A       75%         3


Dungeon Overview and Level Annotations

Branches:
Dungeon (3/15)

Altars:
Dithmenos


Innate Abilities, Weirdness & Mutations

You are completely covered in rugged brown scales. (AC +3, +7% HP)
Armour fits poorly on your strangely shaped body.
You have a long armoured tail.
You roll when moving toward enemies. (Rampage)
Your long tongue fully drains potion bottles. (2x potion effects)
Your tongue gives you trouble enunciating. (1.5x scroll delay)


Message History

You kill the orc!
You slash the orc!
You kill the orc!
You roll towards the orc!
You hit the orc. You tail-slap the orc.
You kill the orc!
The orc hits you with a +0 club.
You slash the orc!
You kill the orc!
You hit the orc. You drain the orc.
The orc is almost dead.
The orc barely misses you.
You slash the orc!
You kill the orc!
A quokka comes into view.
Items here: ))) [ †.
An orc comes into view. It is wielding a +0 hand axe.
The orc shouts!
You hear a shout!
An orc priest comes into view. It is wielding a +0 hand axe of venom.
Items here: ))) [ †.
The quokka attacks as you move away!
The quokka bites you but does no damage.
Items here: ))) [[ ††.
The quokka bites you but does no damage.
You hit the quokka.
You kill the quokka!
You closely miss the orc.
Your tail-slap misses the orc.
The orc closely misses you.
You closely miss the orc.
Your tail-slap misses the orc.
You block the orc's attack. The orc hits you with a +0 hand axe.
You barely miss the orc. The orc closely misses you.
You closely miss the orc. The orc hits you with a +0 hand axe.
You block the orc's attack.
You closely miss the orc. The orc hits you with a +0 hand axe.
You closely miss the orc. The orc barely misses you.
The orc priest mumbles some strange prayers to Beogh against you.
Beogh smites you!
You closely miss the orc. The orc barely misses you.
The orc priest calls down the wrath of Beogh upon you.
Beogh smites you!
You die...

##############
.............#
.###########.#
.#### #.#
....# #.#
###.# #.# ###
#.########
#...[@oo.#
########.# #.#
#.. #... #....
#..... ##....o
......


You could see an orc priest and an orc.

Vanquished Creatures
  3 gnolls (D:2)
  An adder (D:2)
  A dart slug (D:1)
  6 orcs (D:3)
  5 bats
  2 endoplasms (D:1)
  3 giant cockroaches
  6 goblins
  2 hobgoblins
  4 quokkas
  5 ball pythons (D:2)
  A frilled lizard (D:2)
  5 kobolds
  A rat (D:2)
45 creatures vanquished.

Notes
Turn   | Place    | Note
-------+----------+-------------------------------------------
     0 | D:1      | safid the Armataur Warper began the quest for the Orb.
     0 | D:1      | Reached XP level 1. HP: 18/18 MP: 3/3
    15 | D:1      | Reached skill level 1 in Throwing
   209 | D:1      | Reached XP level 2. HP: 25/25 MP: 4/4
   300 | D:1      | Got the Handbook of Anathema
   582 | D:1      | Learned a level 2 spell: Blink
   699 | D:2      | Reached XP level 3. HP: 29/31 MP: 6/6
   843 | D:2      | Reached XP level 4. HP: 38/38 MP: 7/7
   931 | D:2      | Reached skill level 1 in Shields
  1654 | D:3      | Found a shadowy altar of Dithmenos.
  1884 | D:3      | Killed from afar by an orc priest

Illustrated notes

Levels and vault maps discovered:
D:1:      spicycebolla_arrival_xxxplode, layout_basic
D:2:      layout_loops_cross
D:3:      layout_loops_ring, nicolae_dithmenos_the_darkroom,
          kennysheep_minor_cross

Skill      XL: |  1  2  3  4 |
---------------+-------------+-----
Throwing       | 1 |  1.5
Long Blades    | 2 |  2.3
Fighting       | 2 |  2.2
Spellcasting   | 2 |  2.2
Armour         | 2 |  2.0
Shields        | 1 |  1.1
Dodging        | |  1.7
Translocations | |  3.2

Action                     |  1- 3 |  4- 6 || total
---------------------------+-------+-------++-------
  Melee: Scimitar          |    61 |    33 ||    94
         Falchion          |     8 |       ||     8
         Tailslap          |    11 |     2 ||    13
 Armour: Leather armour    |    42 |     5 ||    47
  Dodge: Dodged            |    50 |    14 ||    64
  Block: Buckler           |     8 |     2 ||    10
